 Dungeon Crawl Stone Soup version 0.19.4-12-gccf7e64 (webtiles) character file.

58 Magnus the Slasher (level 3, 0/29 HPs)
             Began as a Demonspawn Monk on Feb 28, 2017.
             Slain by an orc
             ... wielding a +0 mace
              (2 damage)
             ... on level 3 of the Dungeon.
             The game lasted 00:05:19 (2126 turns).

Magnus the Slasher (Demonspawn Monk)                Turns: 2126, Time: 00:05:20

Health: 0/29       AC:  5    Str: 12    XL:     3   Next: 75%
Magic:  12/12      EV: 11    Int: 11    God:
Gold:   98         SH:  0    Dex: 15    Spells: 0 memorised, 2 levels left

rFire  . . .     SeeInvis .     a - +0 falchion
rCold  . . .     Gourm    .     h - +0 ring mail (curse)
rNeg   . . .     Faith    .     (no shield)
rPois  .         Spirit   .     (no helmet)
rElec  .         Reflect  .     (no cloak)
rCorr  .         Harm     .     (no gloves)
MR     .....                    (no boots)
Stlth  +.........               (no amulet)
                                b - ring of magical power
                                e - ring of wizardry

@: no status effects
A: hooves 1, powered by death 1
a: no special abilities


You were on level 3 of the Dungeon.
You were not hungry.

You visited 1 branch of the dungeon, and saw 3 of its levels.

You collected 98 gold pieces.

Inventory:

Hand Weapons
 a - a +0 falchion (weapon)
Armour
 h - a cursed +0 ring mail (worn)
Jewellery
 b - a ring of magical power (right hand)
 e - a ring of wizardry (left hand)
Scrolls
 g - a scroll of identify
Potions
 j - a potion of lignification
 k - a potion of mutation {unknown}
Comestibles
 c - 2 bread rations
 d - 2 meat rations
 i - a royal jelly


   Skills:
 - Level 3.0 Fighting
 + Level 4.3 Long Blades
 - Level 2.6 Dodging
 - Level 1.7 Stealth


You had 2 spell levels left.
You didn't know any spells.

Dungeon Overview and Level Annotations

Branches:
Dungeon (3/15)

Altars:
Sif Muna

Annotations:
D:3 Magnus's ghost, amateur DsNe


Innate Abilities, Weirdness & Mutations

You have large cloven feet.
You regenerate a little health from kills.


Message History

The orc shouts!
The goblin hits you but does no damage. The orc hits you with a flail.
* * * LOW HITPOINT WARNING * * *
Magnus's ghost barely misses you.
Unknown command.
The goblin hits you but does no damage. The orc hits you with a flail.
* * * LOW HITPOINT WARNING * * *
Unknown command.
Magnus's ghost screams, "Zot is a myth, the ORB is a fable, you'll soon be a tale!"
The orc barely misses you.
You riposte.
You hit the orc.
The orc is heavily wounded.
Unknown command.
An orc comes into view. It is wielding a falchion.
The orc shouts!
Found a throwing net.
An orc comes into view. It is wielding a whip.
Unknown command.
The orc shouts!
The orc hits you with a mace.
You die...

.###.......!..#
...#<........(###
...............
#...........##
#o..........##
#########..o..........
##.[.#...#.%.oo.....#
##.......$.<...g@....#
#.............>W.......$
#..................#.###
#............####......
##...........# ##### .
##...#...#.##
#########.# #.# #.#


You could see Magnus's ghost, 4 orcs and a goblin.

Vanquished Creatures
  An adder (D:2)
  2 oozes
  A giant cockroach (D:1)
  3 hobgoblins
  6 jackals
  2 ball pythons
  10 bats
  4 frilled lizards
  3 goblins (D:1)
  3 kobolds
  4 rats
39 creatures vanquished.

Notes
Turn   | Place    | Note
-------+----------+-------------------------------------------
     0 | D:1      | Magnus the Demonspawn Monk began the quest for the Orb.
     0 | D:1      | Reached XP level 1. HP: 18/18 MP: 1/1
   365 | D:1      | Reached skill level 3 in Long Blades
   371 | D:1      | Gained mutation: You have large cloven feet. [demonic ancestry]
   371 | D:1      | Reached XP level 2. HP: 13/24 MP: 2/2
  1400 | D:2      | Gained mutation: You regenerate a little health from kills. [demonic ancestry]
  1400 | D:2      | Reached XP level 3. HP: 27/29 MP: 3/3
  1505 | D:2      | Reached skill level 4 in Long Blades
  1622 | D:2      | Found a deep blue altar of Sif Muna.
  2109 | D:3      | Noticed Magnus's ghost (amateur DsNe)
  2126 | D:3      | Slain by an orc

Skill      XL: |  1  2  3 |
---------------+----------+-----
Long Blades    | 3 4 |  4.3
Fighting       | |  3.0
Dodging        | |  2.6
Stealth        | |  1.7

Action                   || total
-------------------------++-------
Melee: Falchion          ||   130
       Kick              ||    33
  Use: Scroll            ||     3
 Stab: Sleeping          ||     4
  Eat: Chunk             ||     4
Armor: Leather armour    ||    38
       Robe              ||     3
       Ring mail         ||     7
Dodge: Dodged            ||   103
       Rpst.: Falchion   ||    27
